 Dungeon Crawl Stone Soup version 0.18-a0-750-g37044d6 (webtiles) character file.

98 prinygod the Cudgeler (level 4, -3/44 HPs)
             Began as an Ogre Warper on Dec 13, 2015.
             Slain by an orc priest
             ... wielding a +0 club
              (4 damage)
             ... on level 3 of the Dungeon.
             The game lasted 00:08:06 (2662 turns).

prinygod the Cudgeler (Ogre Warper)                 Turns: 2662, Time: 00:08:07

Health: -3/44      AC:  3    Str: 16    XL:     4   Next: 69%
Magic:  7/7        EV:  7    Int: 13    God:
Gold:   66         SH:  6    Dex:  9    Spells: 1 memorised, 6 levels left

rFire  . . .     SeeInvis .     a - +0 mace
rCold  . . .     Clarity  .     b - +0 robe
rNeg   . . .     SustAt   .     g - +0 shield
rPois  .         Gourm    .     (helmet restricted)
rElec  .         Spirit   .     (no cloak)
rCorr  .         Dismiss  .     (gloves unavailable)
rMut   .         Stasis   .     (boots unavailable)
MR     .....                    (no amulet)
Stlth  +.........               (no ring)
                                (no ring)

@: not resistant to hostile enchantments, very unstealthy
A: unfitting armour, tough skin 1
a: no special abilities


You were on level 3 of the Dungeon.
You were not hungry.

You visited 1 branch of the dungeon, and saw 3 of its levels.

You collected 66 gold pieces.

Inventory:

Hand Weapons
 a - a +0 mace (weapon)
Missiles
 e - 5 tomahawks of dispersal (quivered)
 o - 4 tomahawks
Armour
 b - a +0 robe (worn)
 g - a +0 shield (worn)
 p - a +0 large shield
Jewellery
 r - an uncursed ring of stealth {unknown}
Wands
 m - a wand of frost (25)
Scrolls
 d - a scroll of blinking
 h - a scroll of fog {unknown}
 i - 7 scrolls of identify {unknown}
Potions
 j - 2 potions of curing
 q - a potion of brilliance {unknown}
Books
 c - a book of Spatial Translocations

   Spells                             Type                      Level
   a - Apportation                    Translocation                1
   b - Blink                          Translocation                2
   c - Shroud of Golubria             Charms/Translocation         2
   d - Portal Projectile              Translocation                3
   e - Teleport Other                 Translocation                3
   f - Passage of Golubria            Translocation                4
Comestibles
 f - 5 bread rations
 k - 2 fruits
 l - 2 meat rations
 n - a slice of pizza
 s - a chunk of flesh


   Skills:
 - Level 2.6 Fighting
 * Level 6.3 Maces & Flails
 - Level 1.0 Throwing
 - Level 2.1 Dodging
 - Level 2.4 Spellcasting
 - Level 2.1 Translocations


You had 6 spell levels left.
You knew the following spells:

 Your Spells              Type           Power        Failure   Level  Hunger
a - Apportation           Tloc           #.........   78%         1    #......


Dungeon Overview and Level Annotations

Branches:
Dungeon (3/15)

Altars:
Ashenzari
Kikubaaqudgha
Nemelex Xobeh
Pakellas
Yredelemnul


Innate Abilities, Weirdness & Mutations

You are too large for most types of armour.
You have tough skin (AC +1).


Message History

Unknown command.
You sock the orc priest!
The orc priest is severely wounded.
The giant cockroach bites you but does no damage.
The orc priest hits you with a club.
* * * LOW HITPOINT WARNING * * *
The giant cockroach barely misses you.
Unknown command.
You closely miss the orc priest.
The orc priest is severely wounded.
The orc priest hits you with a club!
* * * LOW HITPOINT WARNING * * *
The giant cockroach barely misses you.
Unknown command.
Your shield prevents you from hitting the orc priest.
The orc priest is severely wounded.
The giant cockroach bites you.
* * * LOW HITPOINT WARNING * * *
The orc priest hits you with a club.
You die...

### ### ###.# ##.#
...##### #..#
#.##≈≈####≈≈##.#
#..o@s≈w≈≈≈≈ #.#
###########.##≈≈####≈≈
#.# ............#####
#.# #..............#
##'## #.<............#
#...# .
#.........###### #...#
. ..........'...#
##..# ..
#.##.#...o##### #'##
.." #.#..#....#####
#### #.# #.!.


You could see a worm, an orc priest and a giant cockroach.

Vanquished Creatures
  A gnoll (D:2)
  5 adders
  A worm (D:2)
  An orc (D:3)
  3 giant cockroaches
  5 goblins
  7 hobgoblins
  A ball python (D:1)
  3 bats (D:1)
  3 giant geckos
  4 giant newts
  A kobold (D:2)
  8 rats
43 creatures vanquished.

Vanquished Creatures (others)
  4 toadstools (D:1)
4 creatures vanquished.

Grand Total: 47 creatures vanquished

Notes
Turn   | Place    | Note
--------------------------------------------------------------
     0 | D:1      | prinygod the Ogre Warper began the quest for the Orb.
     0 | D:1      | Reached XP level 1. HP: 22/22 MP: 3/3
    40 | D:1      | Reached skill level 3 in Maces & Flails
   234 | D:1      | Reached XP level 2. HP: 11/29 MP: 5/5
   725 | D:1      | Found a sparkling altar of Nemelex Xobeh.
   730 | D:1      | Reached skill level 4 in Maces & Flails
  1114 | D:1      | Reached XP level 3. HP: 29/36 MP: 6/6
  1243 | D:2      | Found a shattered altar of Ashenzari.
  1243 | D:2      | Found a sparkling altar of Nemelex Xobeh.
  1244 | D:2      | Found an ancient bone altar of Kikubaaqudgha.
  1368 | D:2      | Reached skill level 5 in Maces & Flails
  1647 | D:2      | Found a basalt altar of Yredelemnul.
  1681 | D:2      | Found a sparkling altar of Nemelex Xobeh.
  2056 | D:2      | Reached XP level 4. HP: 44/44 MP: 7/7
  2420 | D:2      | Reached skill level 6 in Maces & Flails
  2582 | D:3      | Found an oddly glowing altar of Pakellas.
  2661 | D:3      | HP: 1/44 [orc priest/club (7)]
  2662 | D:3      | Slain by an orc priest

Vault maps used:
D:1:      ldierk_water_garden, serial_bayou_pond_d, nemelex_diamond_rough_becter
D:2:      lemuel_round_altar, gammafunk_temple_overflow_claw, first_bread,
          nemelex_lonely_heart_becter
D:3:      grunt_pakellas_mercury, gup_sewer_entry_bubbles

Action                   |  1- 3 |  4- 6 || total
-------------------------+-------+-------++-------
Melee: Mace              |   160 |    43 ||   203
  Use: Potion            |     1 |       ||     1
  Eat: Chunk             |     3 |     3 ||     6
